Map: [ESL] Tropical Sacrifice

Players

Spirit (souL)

  • Race: Terran Terran
  • Spawn Location: 1:00

Serral - Winner!

  • Race: Zerg Zerg
  • Spawn Location: 7:00

Event: HomeStory Cup XXI

VOD

Have the link to the VOD?

Description

Time

  • Played on: July 23, 2022, 3:42 p.m.
  • Length: 16:45

All games in this series

Show
View Real Time Build Order
Export as new Build Order

Spirit Terran 

Build Orders: Reaper Expand 

Get SALT Encoding   

  12  0:00  SCV  
  13  0:12  SCV  
  14  0:18  Supply Depot  
  14  0:24  SCV  
  15  0:39  SCV  
  15  0:41  Barracks  
  16  0:45  Refinery  
  16  0:52  SCV  
  17  1:04  SCV  
  18  1:16  SCV  
  19  1:28  Orbital Command, Reaper  
  20  1:46  Command Center  
  20  1:53  SCV  
  21  1:59  Marine  
  22  2:03  Supply Depot  
  22  2:06  SCV  
  23  2:11  Refinery  
  23  2:18  Barracks Reactor  
  23  2:24  SCV  
  24  2:36  SCV  
  25  2:45  Command Center  
  25  2:49  SCV  
  26  2:54  Factory  
  26  3:01  SCV  
  27  3:06  Orbital Command  
  27  3:12  Refinery  
  27  3:14  SCV  
  27  3:16  Marine  
  27  3:19  Marine  
  30  3:26  SCV  
  31  3:32  SCV  
  32  3:38  SCV  
  33  3:43  Starport  
  33  3:44  SCV  
  33  3:46  Marine  
  33  3:47  Marine  
  36  3:49  Factory Tech Lab  
  36  3:50  SCV  
  37  3:56  SCV  
  37  3:59  Orbital Command  
  37  4:02  SCV  
  39  4:06  Marine x2  
  39  4:08  SCV  
  42  4:14  SCV  
  43  4:20  SCV  
  43  4:21  Fusion Core  
  43  4:23  Starport  
  44  4:24  Marine x2  
  44  4:27  SCV  
  44  4:30  SCV  
  48  4:32  SCV, Supply Depot  
  49  4:41  SCV  
  49  4:43  SCV  
  49  4:45  SCV  
  51  4:50  Starport Tech Lab  
  51  4:51  Barracks Tech Lab  
  51  4:53  SCV  
  51  4:57  Supply Depot  
  52  5:08  Battlecruiser  
  52  5:10  Battlecruiser  
  52  5:11  SCV x2  
  52  5:12  SCV  
  67  5:15  Stimpack  
  67  5:16  Marine  
  67  5:17  Factory Tech Lab  
  68  5:23  SCV  
  68  5:26  Barracks  
  71  5:30  Refinery  
  68  5:37  Barracks x2  
  68  5:39  Barracks  
  68  5:43  Orbital Command  
  68  5:44  SCV  
  68  5:46  Engineering Bay x2  
  68  5:47  SCV  
  68  5:49  Siege Tank  
  73  5:56  SCV  
  74  5:57  Marine  
  74  5:59  SCV  
  74  6:02  Supply Depot  
  76  6:08  SCV  
  77  6:17  Terran Infantry Armor Level 1, Terran Infantry Weapons Level 1  
  77  6:20  Supply Depot  
  77  6:23  Marine  
  77  6:24  SCV x3, Siege Tank  
  84  6:26  Barracks Reactor  
  84  6:28  Barracks Reactor  
  84  6:36  SCV  
  85  6:40  Supply Depot  
  85  6:41  SCV x2  
  85  6:42  Bunker, Supply Depot  
  85  6:43  Barracks Reactor  
  87  6:48  SCV, Marine  
  87  6:52  Marine  
  87  6:53  SCV x2  
  92  6:56  Marine  
  93  7:01  Combat Shield  
  93  7:02  SCV, Siege Tank, Medivac x2  
  93  7:05  SCV x2  
  93  7:06  Supply Depot, Marine  
  93  7:07  Supply Depot  
  93  7:08  Marine x4  
  104  7:14  SCV  
  109  7:15  Supply Depot  
  109  7:18  SCV x2  
  109  7:19  Supply Depot  
  109  7:20  Marine  
  109  7:21  Marine x3  
  115  7:24  Marine  
  115  7:26  Marine  
  115  7:28  SCV, Marine  
  115  7:29  Missile Turret  
  119  7:30  SCV  
  119  7:31  Refinery  
  119  7:33  Armory, Medivac  
  119  7:34  Siege Tank  
  119  7:35  Marine x2  
  127  7:38  Marine x2  
  127  7:43  Marine  
  130  7:44  Marine x2  
  130  7:45  Marine  
  130  7:46  Marine  
  130  7:50  Medivac  
  136  7:53  Marine x2  
  136  7:56  Marine x2  
  140  8:01  Marine  
  140  8:02  Marine x2  
  140  8:03  Marine, Medivac  
  140  8:04  Marine  
  147  8:11  Marine, Siege Tank, Missile Turret  
  149  8:13  Marine, Missile Turret  
  149  8:16  Marine  
  149  8:22  Marine  
  149  8:28  Terran Infantry Weapons Level 2  
  149  8:35  Terran Infantry Armor Level 2  
  149  8:37  Command Center  
  149  8:40  Supply Depot  
  149  8:42  Supply Depot  
  149  8:44  Marine x6  
  155  8:48  Marine x2  
  157  9:02  Siege Tank, Marine x5  
  165  9:03  Marine  
  165  9:09  Marine  
  163  9:10  Marine  
  163  9:11  Marine  
  165  9:19  Medivac  
  165  9:20  Marine  
  165  9:22  Factory  
  165  9:23  Barracks  
  168  9:25  Marine  
  168  9:26  Marine  
  168  9:30  Marine  
  167  9:32  Marine  
  167  9:33  Marine x2  
  167  9:34  Siege Tank  
  167  9:37  Marine  
  171  9:39  Marine  
  171  9:42  Marine  
  173  9:52  Marine  
  172  9:53  Marine  
  172  9:54  Marine  
  172  9:55  Marine x3  
  172  9:56  Marine  
  172  9:57  Marine  
  172  9:59  SCV x2  
  167  10:00  SCV, Marine  
  171  10:10  Marine  
  171  10:11  SCV x2, Marine  
  175  10:14  SCV  
  176  10:21  Barracks Tech Lab, Factory Tech Lab  
  176  10:22  Barracks  
  176  10:23  SCV  
  177  10:31  Missile Turret  
  177  10:34  SCV, Missile Turret, Planetary Fortress  
  177  10:36  Thor  
  177  10:37  Refinery  
  177  10:38  Terran Vehicle Weapons Level 1, Command Center  
  177  10:39  Refinery  
  173  10:48  Medivac x2  
  169  10:53  Siege Tank  
  172  10:57  Terran Infantry Weapons Level 3  
  172  10:58  Missile Turret x2  
  172  11:01  SCV x2  
  172  11:03  SCV  
  175  11:07  Supply Depot  
  175  11:10  Missile Turret  
  175  11:12  Barracks Tech Lab  
  173  11:25  Command Center  
  172  11:27  SCV x2, Siege Tank, Supply Depot  
  172  11:29  Siege Tank  
  171  11:34  Supply Depot  
  171  11:35  Terran Infantry Armor Level 3  
  171  11:38  Barracks, Ghost Academy  
  171  11:39  SCV, Sensor Tower  
  172  11:43  Marine  
  165  11:52  SCV  
  165  11:54  SCV, Marine x5  
  157  11:55  Missile Turret  
  157  11:56  Missile Turret  
  157  11:57  SCV  
  157  12:01  Siege Tank  
  166  12:02  Siege Tank, Sensor Tower  
  169  12:10  Supply Depot  
  169  12:12  Refinery  
  169  12:15  Missile Turret  
  169  12:17  Marauder  
  169  12:20  Marauder  
  173  12:33  Siege Tank  
  173  12:34  Siege Tank  
  173  12:35  Missile Turret  
  177  12:37  Command Center  
  177  12:38  SCV x3  
  177  12:45  Bunker  
  177  12:48  SCV, Missile Turret  
  177  12:49  Supply Depot  
  178  12:53  Marauder  
  178  12:54  Barracks Tech Lab  
  178  12:57  SCV  
  177  13:01  SCV  
  177  13:02  SCV  
  177  13:05  Siege Tank  
  172  13:07  SCV  
  172  13:09  SCV  
  172  13:10  Siege Tank  
  175  13:13  SCV, Missile Turret  
  175  13:14  SCV  
  175  13:19  SCV  
  178  13:21  SCV  
  178  13:24  Medivac x2  
  178  13:25  SCV  
  184  13:30  SCV  
  184  13:31  SCV  
  184  13:33  SCV  
  187  13:39  Ghost x2  
  187  13:41  SCV, Missile Turret x2  
  194  13:43  Siege Tank  
  192  13:51  Barracks  
  192  13:52  Barracks Tech Lab, Barracks  
  192  13:53  SCV x3  
  190  14:05  Missile Turret x2  
  190  14:08  Marine, Marauder x2  
  170  14:15  Siege Tank  
  170  14:16  Marine, Marauder  
  168  14:18  SCV x2  
  164  14:30  Marauder  
  166  14:32  Marine, Command Center  
  166  14:33  Marauder  
  156  14:39  Marine x4  
  156  14:40  Marine x4  
  145  14:47  Siege Tank  
  145  14:48  Barracks Tech Lab  
  145  14:49  Barracks Tech Lab  
  145  14:50  Factory, Marine  
  145  14:51  Marine  
  148  14:59  Ghost  
  148  15:00  Ghost  
  148  15:03  SCV x2  
  148  15:04  SCV  
  155  15:08  Ghost  
  155  15:10  Missile Turret  
  155  15:13  Sensor Tower  
  157  15:16  SCV  
  157  15:17  SCV  
  157  15:20  SCV  
  160  15:25  Siege Tank  
  163  15:28  Ghost  
  158  15:41  Marine, Marauder  
  138  15:51  Orbital Command, SCV  
  138  15:52  SCV x2  
  141  15:57  Siege Tank  
  141  15:59  Ghost  
  141  16:00  Ghost x2  
  141  16:04  SCV x3  
  153  16:05  Orbital Command  
  153  16:15  Factory  
  153  16:16  SCV  
  154  16:18  SCV  
  154  16:19  SCV  
  154  16:21  Marine, Marauder  
Show
View Real Time Build Order
Export as new Build Order

Serral Zerg - Winner!

Build Orders: Hatch First 

Get SALT Encoding   

  12  0:00  Drone  
  13  0:12  Overlord  
  13  0:17  Drone  
  14  0:31  Drone x2  
  16  0:49  Hatchery  
  15  0:52  Drone  
  15  0:56  Drone  
  17  0:59  Drone  
  18  1:10  Extractor  
  17  1:15  Spawning Pool  
  17  1:18  Drone  
  17  1:21  Drone  
  18  1:28  Drone  
  19  1:39  Drone  
  20  1:50  Drone  
  21  2:01  Queen x2  
  21  2:02  Zergling x4  
  27  2:11  Drone  
  27  2:14  Overlord  
  28  2:26  Hatchery  
  27  2:33  Drone x3  
  27  2:36  Drone  
  31  2:41  Metabolic Boost  
  31  2:48  Queen  
  33  2:52  Overlord  
  33  2:56  Drone  
  33  2:57  Drone  
  35  3:00  Drone  
  36  3:09  Overlord  
  36  3:11  Drone x3  
  39  3:13  Drone  
  39  3:18  Queen  
  42  3:20  Drone  
  42  3:22  Drone  
  44  3:27  Queen  
  44  3:29  Drone  
  44  3:31  Drone  
  48  3:38  Queen  
  48  3:40  Overlord  
  50  3:42  Drone  
  50  3:46  Zergling x4  
  50  3:47  Drone  
  54  3:50  Drone x2  
  54  3:52  Drone  
  57  3:58  Queen  
  57  4:00  Zergling x2  
  60  4:03  Drone x2  
  60  4:04  Drone  
  60  4:05  Drone  
  64  4:11  Queen  
  66  4:17  Overlord  
  66  4:18  Overlord  
  66  4:20  Overlord  
  66  4:25  Overlord  
  66  4:33  Overlord  
  66  4:38  Zergling x2  
  67  4:39  Drone x3, Overlord  
  67  4:40  Drone  
  67  4:43  Drone x3  
  67  4:44  Drone  
  74  4:46  Lair  
  74  4:48  Drone, Extractor  
  74  4:49  Queen  
  76  4:53  Drone x3  
  76  4:54  Drone  
  76  4:55  Drone  
  81  5:02  Drone x2, Extractor x2  
  81  5:03  Baneling Nest  
  81  5:04  Queen  
  82  5:10  Drone  
  82  5:12  Drone x2  
  85  5:17  Zergling x2  
  86  5:22  Drone x4  
  86  5:25  Hatchery  
  86  5:26  Queen  
  86  5:27  Drone  
  92  5:30  Zergling x6  
  92  5:35  Drone x3  
  98  5:37  Evolution Chamber  
  98  5:38  Evolution Chamber  
  98  5:42  Drone x3  
  99  5:46  Centrifugal Hooks  
  99  5:47  Drone  
  99  5:48  Overlord, Extractor  
  99  5:49  Extractor  
  98  5:52  Spore Crawler  
  98  5:54  Spore Crawler x2  
  98  5:55  Zergling x2  
  96  6:02  Spire  
  95  6:06  Zergling x10  
  99  6:13  Drone x3  
  99  6:14  Zergling x2  
  99  6:15  Zergling x6  
  106  6:20  Overlord  
  103  6:25  Drone x3  
  103  6:26  Drone x3  
  108  6:35  Overlord  
  108  6:36  Drone x4  
  112  6:46  Zerg Melee Weapons Level 1, Zerg Ground Armor Level 1  
  112  6:53  Overlord  
  110  6:56  Drone x3, Hatchery  
  109  7:07  Zergling x14  
  116  7:14  Mutalisk  
  116  7:15  Mutalisk x6  
  120  7:17  Zerg Flyer Weapons Level 1  
  130  7:23  Overlord  
  130  7:25  Mutalisk x2  
  134  7:31  Overlord  
  134  7:43  Drone x3  
  134  7:44  Mutalisk x3  
  137  7:51  Overlord  
  143  7:53  Baneling  
  143  7:54  Baneling x7  
  143  8:00  Mutalisk x3  
  143  8:01  Zergling x6  
  143  8:03  Overlord  
  152  8:08  Mutalisk  
  152  8:10  Zergling x2  
  152  8:11  Zergling x16  
  163  8:19  Mutalisk x2  
  159  8:20  Overlord  
  159  8:21  Overlord x2  
  159  8:24  Overlord  
  161  8:30  Drone x3  
  161  8:31  Drone x3  
  161  8:32  Extractor  
  161  8:34  Pneumatized Carapace  
  165  8:35  Overlord x4  
  165  8:39  Baneling x2  
  165  8:41  Zerg Melee Weapons Level 2  
  165  8:45  Zergling x14  
  165  8:46  Zergling x2  
  173  8:49  Zerg Ground Armor Level 2  
  171  8:56  Zergling x8  
  171  9:00  Baneling x8  
  175  9:03  Hatchery  
  175  9:09  Zergling x2  
  178  9:10  Zergling x20  
  178  9:15  Baneling x11  
  182  9:25  Zergling x22  
  187  9:34  Mutalisk x3  
  189  9:46  Zergling x22  
  189  9:47  Zergling x2  
  195  9:53  Zergling x8  
  195  9:58  Zergling x8  
  196  10:01  Zergling x2  
  196  10:02  Zergling x2  
  197  10:07  Zerg Flyer Weapons Level 2  
  197  10:10  Baneling x9  
  197  10:11  Zergling x4  
  193  10:33  Drone  
  193  10:34  Drone x2  
  196  10:39  Infestation Pit  
  191  10:46  Mutalisk x7  
  198  10:53  Spore Crawler, Drone x2  
  199  10:59  Overseer  
  199  11:00  Overseer  
  199  11:08  Hatchery  
  199  11:09  Drone  
  199  11:15  Hatchery  
  199  11:16  Hive  
  199  11:18  Drone  
  199  11:35  Drone x2  
  199  11:43  Drone x2  
  197  11:54  Mutalisk x4  
  191  12:00  Overlord  
  199  12:08  Baneling x5  
  194  12:38  Zergling x2  
  194  12:39  Zergling x14  
  197  12:45  Zerg Melee Weapons Level 3, Zerg Ground Armor Level 3  
  197  12:46  Adrenal Glands  
  197  12:48  Ultralisk Cavern, Zergling x6  
  199  12:53  Burrow  
  199  12:54  Zerg Flyer Weapons Level 3  
  191  13:00  Zergling x22  
  185  13:10  Zergling x2  
  185  13:11  Zergling x36  
  194  13:20  Drone x6  
  194  13:23  Drone, Extractor  
  196  13:41  Zergling x8  
  190  14:16  Mutalisk x5  
  195  14:18  Zergling x12  
  175  14:43  Ultralisk x3  
  175  14:44  Zergling x2  
  175  14:45  Zergling x48  
  197  14:46  Zergling x2  
  197  14:47  Zergling x4  
  197  14:48  Overseer x4  
  197  14:49  Overlord x2  
  197  14:51  Baneling  
  197  14:52  Baneling x33  
  200  14:57  Overseer  
  200  15:05  Baneling x2  
  200  15:06  Baneling x2  
  200  15:17  Zergling x8  
  199  15:21  Chitinous Plating  
  189  15:45  Zergling x34  
  189  15:46  Zergling x2  
  197  16:03  Spore Crawler  
  196  16:04  Spore Crawler, Extractor x2  
  196  16:05  Drone x6  
  196  16:08  Baneling  
  196  16:09  Baneling x6  
  199  16:15  Hatchery  
  198  16:20  Hatchery  
  184  16:26  Zergling x2  
  184  16:27  Zergling x22  
Tags
 
Add a new tag
Caveats
  • Supply blocks, unpowered buildings, or Contaminate may cause inaccurate times.
  • Supply counts are checked every 10 seconds.